 Dungeon Crawl Stone Soup version 0.19.5 (webtiles) character file.

172142 Haldmier the Bludgeoner (level 18, 0/185 HPs)
             Began as an Ogre Wizard on May 10, 2017.
             Was a High Priest of Ashenzari.
             Killed from afar by a shock serpent (21 damage)
             ... with a bolt of electricity
             ... on level 4 of the Snake Pit.
             The game lasted 04:15:06 (37317 turns).

Haldmier the Bludgeoner (Ogre Wizard)              Turns: 37317, Time: 04:15:07

Health: 0/185      AC: 12    Str: 18    XL:     18   Next: 2%
Magic:  32/33      EV: 12    Int: 17    God:    Ashenzari [*****.]
Gold:   434        SH:  3    Dex: 13    Spells: 12 memorised, 6 levels left

rFire  . . .     SeeInvis +     V - +3 giant spiked club (crush) (curse)
rCold  . . .     Gourm    .     t - +0 troll leather armour
rNeg   . . .     Faith    .     (shield currently unavailable)
rPois  +         Spirit   .     s - +2 hat {MR+} (curse)
rElec  .         Reflect  +     K - +1 cloak {rPois} (curse)
rCorr  .         Harm     .     (gloves unavailable)
MR     ++...     Clarity  +     (boots unavailable)
Stlth  +++.......               X - +3 amulet of reflection
                                C - ring of stealth
                                q - +5 ring of slaying

@: lethally poisoned (0 -> 0), about to teleport, constricted
A: unfitting armour, tough skin 1
a: Curse Item, Scrying, Transfer Knowledge, Renounce Religion


You were on level 4 of the Snake Pit.
You worshipped Ashenzari.
Ashenzari was extremely pleased with you.
You were hungry.

You visited 5 branches of the dungeon, and saw 24 of its levels.
You also visited: Bailey and Ice Cave.

You collected 2316 gold pieces.
You spent 1882 gold pieces at shops.

Inventory:

Hand Weapons
 V - a cursed +3 giant spiked club of crushing (weapon)
Missiles
 x - 8 large rocks (quivered)
Armour
 s - a cursed +2 hat of magic resistance (worn)
 t - a +0 troll leather armour (worn)
 y - a +1 robe of cold resistance
 F - a +2 robe of fire resistance
 K - a cursed +1 cloak of poison resistance (worn)
Jewellery
 b - an uncursed ring of flight
 q - a +5 ring of slaying (left hand)
 r - an uncursed ring of magical power
 A - an uncursed ring of positive energy
 C - a ring of stealth (right hand)
 H - a +5 ring of dexterity
 X - a +3 amulet of reflection (around neck)
Wands
 g - a wand of paralysis (19/24)
 h - a wand of lightning (8/15)
 i - a wand of acid (10/15)
 B - a wand of iceblast (7/15)
 I - a wand of digging (14/24)
 T - a wand of acid (11/15)
 W - a wand of hasting (4/9)
Scrolls
 a - a scroll of amnesia
 k - 4 scrolls of fog
 n - 6 scrolls of remove curse
 p - 7 scrolls of teleportation
 w - a scroll of fear
 D - a scroll of identify
 J - 3 scrolls of magic mapping
 L - a scroll of enchant armour
Potions
 f - 7 potions of curing
 j - 2 potions of heal wounds
 l - 2 potions of invisibility
 o - 5 potions of lignification
 u - 2 potions of cancellation
 v - 3 potions of brilliance
 z - 5 potions of might
 E - 2 potions of agility
 M - 5 potions of haste
 O - 2 potions of resistance
 P - a potion of berserk rage
 Q - a potion of magic
 R - 2 potions of ambrosia
Books
 G - a book of Callings

   Spells                             Type                      Level
   a - Summon Small Mammal            Summoning                    1
   b - Call Imp                       Summoning                    2
   c - Call Canine Familiar           Summoning                    3
   d - Summon Guardian Golem          Hexes/Summoning              3
   e - Summon Lightning Spire         Summoning/Air                4
   f - Summon Ice Beast               Ice/Summoning                4
Comestibles
 c - 3 beef jerkies
 d - 9 bread rations
 m - 9 meat rations


   Skills:
 - Level 13.0 Fighting
 - Level 18.8(23.0) Maces & Flails
 + Level 14.0 Armour
 - Level 7.0(9.7) Dodging
 - Level 1.4(3.2) Stealth
   Level 2.0 Shields
 - Level 11.0 Spellcasting
 - Level 6.0 Conjurations
 - Level 4.0 Hexes
 - Level 4.0 Charms
 - Level 4.0 Summonings
 - Level 3.1 Necromancy
 - Level 3.0 Translocations
 - Level 3.0 Fire Magic
 - Level 5.0 Ice Magic
 - Level 3.0 Air Magic
 - Level 3.0 Poison Magic


You had 6 spell levels left.
You knew the following spells:

 Your Spells              Type           Power        Failure   Level  Hunger
a - Magic Dart            Conj           ####         1%          1    None
b - Blink                 Tloc           N/A          4%          2    None
c - Regeneration          Chrm/Necr      ###.......   8%          3    None
d - Conjure Flame         Conj/Fire      ###.....     4%          3    None
e - Mephitic Cloud        Conj/Pois/Air  ###.....     6%          3    None
f - Call Imp              Summ           ###.....     2%          2    None
g - Repel Missiles        Chrm/Air       ###...       3%          2    None
h - Spectral Weapon       Hex/Chrm       ###.....     6%          3    None
i - Ozocubu's Armour      Chrm/Ice       ###.....     4%          3    None
j - Throw Icicle          Conj/Ice       ####....     12%         4    ###....
k - Tukima's Dance        Hex            ###.....     6%          3    None
l - Summon Ice Beast      Ice/Summ       ###.....     14%         4    ###....


Dungeon Overview and Level Annotations

Branches:
Dungeon (11/15)            Temple (1/1) D:4            Lair (6/6) D:9
 Shoals (0/4) Lair:2        Snake (4/4) Lair:4        Slime (0/5) Lair:5
    Orc (2/2) D:10            Elf (0/3) Orc:2

Altars:
Ashenzari
Cheibriados
Dithmenos
Elyvilon
Fedhas
Gozag
Hepliaklqana
Kikubaaqudgha
Makhleb
Nemelex Xobeh
Okawaru
Qazlal
Ru
Sif Muna
Trog
Uskayaw
Vehumet
Xom
Yredelemnul
Zin
The Shining One

Shops:
D:6 (   D:10 (   Orc:2 [?[}   Snake:1 [=:(   Snake:2 [*

Annotations:
Lair:4 exclusion: 4 oklob plants
Snake:1 2 exclusions, Louise
Snake:4 exclusion: Roxanne, Roxanne


Innate Abilities, Weirdness & Mutations

You are too large for most types of armour.
You have tough skin. (AC +1)


Message History

The shock serpent shoots out a bolt of lightning at you!
The bolt of electricity hits you!
* * * LOW HITPOINT WARNING * * *
The naga ritualist shouts!
You take 29 damage, and have 34/185 hp.
As you read the scroll of teleportation, it crumbles to dust.
You feel strangely unstable. The anaconda closely misses you.
The anaconda bites you!
* * * LOW HITPOINT WARNING * * *
The anaconda closely misses you. The anaconda bites you!
* * * LOW HITPOINT WARNING * * *
You take 27 damage, and have 7/185 hp.
You feel much better.
You feel sick. The anaconda grabs you. You block the anaconda's attack.
The anaconda constricts you. The shock serpent barely misses you.
The anaconda bites you.
* * * LOW HITPOINT WARNING * * *
The anaconda constricts you.
The shock serpent shoots out a bolt of lightning at you!
The bolt of electricity hits you!
You die...

(...# #...{.########.....♣≈♣≈
(..)# ##....{.....)###.....≈≈
....# ###..{.{{.){..##....≈≈
...(# #########)...#..P..♣ ....#
##....(..{...#...... ....##
#.....)N....##''#..P ....(#
###....N#######....♣P. ..♣♣(♣
#....SS.)[............ .♣♣♣≈♣♣
#....@.##(............ ..♣♣.≈♣
##....###(...)........ ♣.♣≈≈♣♣
##.)## #....####...## ♣♣♣♣(P♣♣
♣♣# #''# #....####...#
P..≈≈≈≈♣♣♣≈###..####)..........#
..≈≈≈.≈≈≈≈..#.....)............#
♣P≈≈≈≈♣≈♣P♣....)..........(....##
♣♣♣.≈♣♣♣♣♣♣.....#####..).........
+#♣♣≈≈♣♣♣####..## ###'''###....##


You could see a nagaraja, an anaconda, a naga ritualist and a shock serpent.

Vanquished Creatures
  Vashnia (Snake:4)
  Rupert (Snake:1)
  Agnes (Snake:1)
  Gastronok (D:8)
  Kirke (Snake:4)
  4 nagarajas
  A frost giant (IceCv)
  An orc warlord (Orc:1)
  The ghost of Squonk the Unseen, a journeyman NaEn of Dithmenos (Lair:6)
  6 dire elephants (Lair:6)
  The ghost of edgar the Fighter, a journeyman HOFi of Hepliaklqana (Orc:1)
  An ettin (Orc:2)
  3 hydras
  Fannar (D:11)
  15 naga warriors
  21 anacondas
  2 death yaks (IceCv)
  The ghost of theElss the Thaumaturge, a journeyman DECj of Vehumet (D:10)
  3 orc high priests (Orc:2)
  10 naga sharpshooters
  8 shock serpents
  Nergalle (Lair:1)
  11 sea snakes
  An unseen horror (D:11)
  3 salamander mystics (Snake:3)
  9 naga ritualists
  2 hill giants (D:11)
  Pikel (D:6)
  7 orc knights
  7 orc sorcerers
  A manticore (D:11)
  10 mana vipers
  An oklob plant (Orc:1)
  10 salamanders
  4 elephants (Lair:6)
  An ugly thing (D:11)
  Joseph (Lair:1)
  20 naga magi
  51 black mambas
  15 spiny frogs
  A gargoyle (D:11)
  9 guardian serpents
  An ice statue (IceCv)
  9 komodo dragons
  13 polar bears (IceCv)
  5 trolls
  A hornet (Lair:2)
  9 hippogriffs
  17 dream sheep (Lair:6)
  18 blink frogs
  A slime creature (Lair:5)
  70 yaks
  A wyvern (Lair:3)
  2 basilisks
  A hog (Snake:4)
  49 nagas
  6 wargs (Orc:2)
  27 water moccasins
  9 porcupines
  A sky beast (D:8)
  36 orc warriors
  4 slaves (D:6)
  A phantom (D:9)
  An eye of draining (D:9)
  21 wolves
  A necrophage (D:8)
  7 ogres
  5 centaurs
  17 crocodiles
  2 big kobolds
  11 bullfrogs
  8 wights
  3 electric eels
  A bullfrog zombie (D:10)
  4 crimson imps
  5 centaur zombies
  4 jellies
  A quasit (D:11)
  A centaur skeleton (D:9)
  7 hounds
  14 orc priests
  3 bullfrog skeletons
  21 orc wizards
  Jessica (D:2)
  2 iguanas
  6 hell rats (Lair:5)
  6 worker ants
  A hound zombie (D:6)
  2 hound skeletons
  4 worker ant zombies
  6 gnolls (Bailey)
  A howler monkey zombie (D:10)
  11 adders
  A river rat (D:9)
  3 shadow imps
  2 oozes
  An adder skeleton (D:9)
  2 worms (D:3)
  2 dart slugs (D:1)
  7 leopard geckos
  84 orcs
  3 ball pythons
  8 bats
  A bat zombie (D:2)
  4 giant cockroaches
  24 hobgoblins
  19 jackals
  4 quokkas
  8 frilled lizards
  A giant cockroach zombie (D:6)
  32 goblins
  A jackal skeleton (D:6)
  14 kobolds
  A leopard gecko skeleton (D:7)
  A leopard gecko zombie (D:5)
  A quokka skeleton (D:6)
  A quokka zombie (D:6)
  9 rats
  2 rat zombies (D:2)
  3 fungi
  6 plants
  3 spectral weapons
956 creatures vanquished.

Vanquished Creatures (collateral kills)
  A troll (D:11)
  An orc wizard (D:3)
2 creatures vanquished.

Vanquished Creatures (others)
  3 humans (Snake:4)
  3 dancing weapons (Snake:2)
  A kobold (D:2)
  A bat (D:2)
  7 fungi
  25 plants
  31 spectral weapons
71 creatures vanquished.

Grand Total: 1029 creatures vanquished

Notes
Turn   | Place    | Note
-------+----------+-------------------------------------------
     0 | D:1      | Haldmier the Ogre Wizard began the quest for the Orb.
     0 | D:1      | Reached XP level 1. HP: 16/16 MP: 5/5
    31 | D:1      | Reached skill level 1 in Fighting
    45 | D:1      | Reached XP level 2. HP: 22/27 MP: 2/6
   318 | D:1      | Reached skill level 1 in Conjurations
   544 | D:1      | Reached XP level 3. HP: 32/35 MP: 6/8
  1076 | D:1      | Learned a level 2 spell: Blink
  1079 | D:1      | Learned a level 2 spell: Call Imp
  1083 | D:1      | Learned a level 3 spell: Mephitic Cloud
  1092 | D:2      | Found a white marble altar of Elyvilon.
  1240 | D:2      | Reached XP level 4. HP: 24/42 MP: 2/10
  1624 | D:2      | Noticed Jessica
  1629 | D:2      | Killed Jessica
  1629 | D:2      | Reached skill level 1 in Maces & Flails
  1848 | D:2      | Found an ancient bone altar of Kikubaaqudgha.
  1919 | D:2      | Reached skill level 1 in Summonings
  2573 | D:3      | Reached XP level 5. HP: 49/50 MP: 8/11
  2612 | D:3      | Reached skill level 1 in Translocations
  2790 | D:3      | Learned a level 3 spell: Conjure Flame
  3551 | D:3      | Found a shadowy altar of Dithmenos.
  3551 | D:3      | Found a stormy altar of Qazlal.
  4171 | D:3      | Reached skill level 2 in Maces & Flails
  4751 | D:4      | Found a glowing golden altar of the Shining One.
  4753 | D:4      | Found a shimmering altar of Xom.
  4786 | D:4      | Reached XP level 6. HP: 59/59 MP: 12/12
  5046 | D:4      | Found a basalt altar of Yredelemnul.
  5046 | D:4      | Found an iron altar of Okawaru.
  5047 | D:4      | Found a glowing silver altar of Zin.
  5057 | D:4      | Found a staircase to the Ecumenical Temple.
  5066 | Temple   | Entered the Ecumenical Temple
  5083 | Temple   | Became a worshipper of Ashenzari the Shackled
  5381 | D:4      | Reached skill level 3 in Maces & Flails
  5381 | D:4      | Reached skill level 1 in Air Magic
  5381 | D:4      | Reached skill level 1 in Poison Magic
  5901 | D:5      | Entered Level 5 of the Dungeon
  5906 | D:5      | Learned a level 3 spell: Regeneration
  6776 | D:6      | Reached XP level 7. HP: 60/66 MP: 14/14
  6932 | D:6      | Found Ogeorievepp's Antique Weapon Emporium.
  7274 | D:6      | Noticed Pikel
  7514 | D:6      | Reached skill level 5 in Spellcasting
  7817 | D:6      | Reached skill level 4 in Maces & Flails
  8155 | D:6      | Reached XP level 8. HP: 55/78 MP: 15/15
  8170 | D:6      | Learned a level 2 spell: Repel Missiles
  8378 | D:6      | Reached skill level 1 in Shields
  8389 | D:6      | Reached * piety under Ashenzari
  9033 | D:6      | Killed Pikel
  9033 | D:6      | Reached skill level 5 in Maces & Flails
  9033 | D:6      | Reached skill level 1 in Charms
  9033 | D:6      | Reached skill level 1 in Necromancy
  9033 | D:6      | Reached skill level 1 in Fire Magic
  9605 | D:7      | Reached XP level 9. HP: 51/85 MP: 17/17
 10121 | D:7      | Learned a level 3 spell: Spectral Weapon
 10265 | D:8      | Reached skill level 6 in Maces & Flails
 10562 | D:8      | Found a blossoming altar of Fedhas.
 10684 | D:8      | You fall through a shaft for 3 floors!
 10684 | D:11     | Noticed a troll
 10695 | D:11     | Killed a troll
 10696 | D:11     | Noticed Fannar
 11078 | D:11     | Reached skill level 5 in Fighting
 11083 | D:11     | Reached skill level 7 in Maces & Flails
 11083 | D:11     | Reached XP level 10. HP: 32/96 MP: 18/19
 11201 | D:11     | Noticed a purple ugly thing
 11263 | D:10     | Entered Level 10 of the Dungeon
 11374 | D:10     | Found a flagged portal.
 11390 | Bailey   | Entered a bailey
 11959 | Bailey   | Noticed an orc knight
 12075 | Bailey   | Killed an orc knight
 12075 | Bailey   | Reached skill level 8 in Maces & Flails
 12329 | Bailey   | Noticed an orc warlord
 12358 | Bailey   | Noticed an orc knight
 12568 | Bailey   | Killed an orc knight
 13111 | D:8      | Reached skill level 9 in Maces & Flails
 13201 | D:8      | Noticed Gastronok
 13297 | D:8      | Killed Gastronok
 13297 | D:8      | Reached XP level 11. HP: 21/109 MP: 19/22
 13530 | D:8      | Reached skill level 10 in Maces & Flails
 13538 | D:8      | Learned a level 3 spell: Ozocubu's Armour
 13580 | D:8      | Found a sparkling altar of Nemelex Xobeh.
 13580 | D:8      | Found an opulent altar of Gozag.
 14493 | D:9      | Found a staircase to the Lair.
 14595 | D:9      | Reached skill level 1 in Ice Magic
 14635 | D:9      | Reached ** piety under Ashenzari
 14773 | D:9      | Found a deep blue altar of Sif Muna.
 15106 | D:9      | Identified Sif Muna's Almanac of Venom
 15238 | Lair:1   | Entered Level 1 of the Lair of Beasts
 15267 | Lair:1   | Noticed Joseph
 15288 | Lair:1   | Killed Joseph
 15369 | Lair:1   | Reached skill level 11 in Maces & Flails
 15404 | Lair:1   | Noticed Nergalle
 15417 | Lair:1   | Killed Nergalle
 16060 | Lair:1   | Reached XP level 12. HP: 105/122 MP: 24/24
 16181 | Lair:1   | Reached skill level 5 in Conjurations
 16327 | Lair:1   | Reached skill level 12 in Maces & Flails
 16668 | Lair:1   | Learned a level 4 spell: Throw Icicle
 17477 | Lair:2   | Noticed a four-headed hydra
 17497 | Lair:2   | Killed a four-headed hydra
 18163 | Lair:2   | Reached skill level 13 in Maces & Flails
 18254 | Lair:2   | Found a staircase to the Shoals.
 18809 | Lair:3   | Reached XP level 13. HP: 99/133 MP: 26/26
 18874 | Lair:3   | Reached skill level 10 in Fighting
 19678 | Lair:4   | Reached *** piety under Ashenzari
 20084 | Lair:4   | Found a staircase to the Snake Pit.
 21057 | Lair:1   | Learned a level 3 spell: Tukima's Dance
 21314 | D:10     | Found a staircase to the Orcish Mines.
 21372 | D:10     | Found Tereabol's Weapon Boutique.
 21459 | D:10     | Noticed theElss's ghost (journeyman DECj)
 21480 | D:10     | Killed theElss's ghost
 21735 | D:11     | Reached skill level 1 in Hexes
 21774 | D:11     | Reached skill level 14 in Maces & Flails
 22235 | D:11     | Killed Fannar
 22634 | Orc:1    | Entered Level 1 of the Orcish Mines
 22840 | Orc:1    | Reached skill level 10 in Spellcasting
 22969 | Orc:1    | Reached skill level 5 in Dodging
 23006 | Orc:2    | Entered Level 2 of the Orcish Mines
 23089 | Orc:2    | Noticed an ettin
 23104 | Orc:2    | Killed an ettin
 23243 | Orc:2    | Found a staircase to the Elven Halls.
 23297 | Orc:2    | Noticed an orc warlord
 23510 | Orc:1    | Killed an orc warlord
 23526 | Orc:1    | Reached skill level 15 in Maces & Flails
 23802 | Orc:1    | Noticed edgar's ghost (journeyman HOFi)
 24071 | Orc:2    | Reached XP level 14. HP: 145/146 MP: 28/28
 24109 | Orc:1    | Killed edgar's ghost
 24193 | Orc:1    | Reached **** piety under Ashenzari
 25091 | Orc:2    | Found Soedd's Gadget Shoppe.
 25208 | Orc:2    | Found Ocrabb's Armour Shoppe.
 25217 | Orc:2    | Found Nyclois's Armour Boutique.
 25238 | Orc:2    | Found Potaeluf's Magic Scroll Boutique.
 25264 | Orc:2    | Bought a scroll of brand weapon for 320 gold pieces
 25273 | Orc:2    | Bought a +1 cloak of poison resistance for 216 gold pieces
 25333 | Orc:2    | Bought a scroll of remove curse for 48 gold pieces
 25333 | Orc:2    | Bought a scroll of remove curse for 48 gold pieces
 25586 | Lair:1   | Learned a level 4 spell: Summon Ice Beast
 26169 | Lair:5   | Reached skill level 16 in Maces & Flails
 26347 | Lair:5   | Found a staircase to the Slime Pits.
 26843 | Lair:6   | Entered Level 6 of the Lair of Beasts
 26851 | Lair:6   | Found a shattered altar of Ashenzari.
 26887 | Lair:6   | Found a frozen archway.
 26897 | IceCv    | Entered an ice cave
 27560 | IceCv    | Noticed a frost giant
 27650 | IceCv    | Killed a frost giant
 27734 | Lair:6   | Reached XP level 15. HP: 132/157 MP: 30/30
 28149 | Lair:6   | Reached ***** piety under Ashenzari
 28245 | Lair:6   | Reached skill level 5 in Ice Magic
 28458 | Lair:6   | Noticed Squonk's ghost (journeyman NaEn)
 28471 | Lair:6   | Killed Squonk's ghost
 28471 | Lair:6   | Reached skill level 17 in Maces & Flails
 28957 | Lair:6   | Reached skill level 1 in Armour
 29208 | Lair:6   | Got the cursed robe of Coronation {+Blink MR+ rCorr Dex+4}
 29713 | Snake:1  | Entered Level 1 of the Snake Pit
 29876 | Snake:1  | Noticed Louise
 29904 | Snake:1  | Found Affy's Antique Weapon Shoppe.
 29920 | Snake:1  | Found Pauvuciu's Book Shop.
 29925 | Snake:1  | Found Zuylajibeh's Jewellery Emporium.
 30343 | Snake:1  | Noticed Agnes
 30372 | Snake:1  | Killed Agnes
 30372 | Snake:1  | Reached skill level 18 in Maces & Flails
 30492 | Snake:1  | Noticed Rupert
 30595 | Snake:1  | Killed Rupert
 30641 | Snake:1  | Found Isuax's Antique Armour Shop.
 30651 | Snake:1  | Reached skill level 5 in Armour
 30831 | Snake:2  | Reached XP level 16. HP: 94/169 MP: 31/31
 31395 | Snake:2  | Found Ugayzxoc's General Store.
 31432 | Snake:2  | Bought a +5 ring of slaying for 1250 gold pieces
 31774 | Snake:2  | Found Ytrampo's Armour Shop.
 32551 | Snake:2  | Found Pepnistrant's Antique Armour Shop.
 33333 | Snake:3  | Noticed a nagaraja
 33341 | Snake:3  | Killed a nagaraja
 33413 | Snake:3  | Reached skill level 10 in Armour
 33779 | Snake:3  | Reached XP level 17. HP: 140/176 MP: 28/32
 34195 | Snake:4  | Entered Level 4 of the Snake Pit
 34327 | Snake:4  | Noticed Roxanne
 34327 | Snake:4  | Noticed Vashnia
 34610 | Snake:4  | Identified the cursed +1 great mace of the Thing {freeze, rN++ Stlth-}
 34720 | Snake:4  | Killed Vashnia
 35373 | Snake:4  | Noticed Kirke
 35380 | Snake:4  | Killed Kirke
 36583 | Snake:4  | HP: 6/176 [nagaraja/spear (5)]
 37213 | Snake:4  | Reached XP level 18. HP: 158/185 MP: 30/33
 37316 | Snake:4  | HP: 7/185 [anaconda (15)]
 37317 | Snake:4  | Killed from afar by a shock serpent

Skill      XL: |  1  2  3  4  5  6  7  8  9 10 11 12 13 14 15 16 17 18 |
---------------+-------------------------------------------------------+-----
Fighting       | 1 2 3 4 5 7 8 9 11 12 13 | 13.0
Spellcasting   | 4 5 6 7 8 9 10 11 | 11.0
Conjurations   | 1 2 3 4 5 6 |  6.0
Maces & Flails | 1 2 3 4 5 7 9 11 13 15 16 18 | 18.8
Summonings     | 1 2 3 4 |  4.0
Translocations | 1 2 3 |  3.0
Air Magic      | 1 2 3 |  3.0
Poison Magic   | 1 2 3 |  3.0
Shields        | 1 2 |  2.0
Charms         | 1 2 3 4 |  4.0
Necromancy     | 1 2 3 |  3.1
Fire Magic     | 1 2 3 |  3.0
Ice Magic      | 2 3 4 5 |  5.0
Dodging        | 3 5 6 7 |  7.0
Hexes          | 2 4 |  4.0
Armour         | 5 10 13 14 | 14.0
Stealth        | |  1.4

Action                   |  1- 3 |  4- 6 |  7- 9 | 10-12 | 13-15 | 16-18 || total
-------------------------+-------+-------+-------+-------+-------+-------++-------
Melee: Whip              |    59 |    49 |       |       |       |       ||   108
       Flail             |       |    93 |       |       |       |       ||    93
       Mace              |       |    33 |   269 |    13 |       |       ||   315
       Dire flail        |       |       |    14 |       |       |       ||    14
       Trident           |       |       |    23 |    26 |       |       ||    49
       Hand axe          |       |       |    39 |   191 |       |       ||   230
       Giant spiked club |       |       |       |   407 |   912 |   596 ||  1915
Throw: Large rock        |       |       |    15 |     7 |       |       ||    22
 Cast: Magic Dart        |    70 |   174 |    89 |   141 |    91 |    42 ||   607
       Call Imp          |     1 |     9 |     5 |       |     1 |       ||    16
       Mephitic Cloud    |       |     1 |    17 |    77 |    48 |       ||   143
       Conjure Flame     |       |     1 |    18 |    24 |    17 |     7 ||    67
       Blink             |       |       |     4 |    13 |     6 |     6 ||    29
       Repel Missiles    |       |       |     1 |       |     6 |    11 ||    18
       Regeneration      |       |       |    16 |   137 |   144 |    96 ||   393
       Spectral Weapon   |       |       |     4 |    29 |    70 |    68 ||   171
       Ozocubu's Armour  |       |       |       |     7 |    21 |       ||    28
       Throw Icicle      |       |       |       |     3 |    13 |    21 ||    37
       Tukima's Dance    |       |       |       |       |     8 |     1 ||     9
Invok: Curse Item        |       |       |       |       |     3 |       ||     3
       Scrying           |       |       |       |       |     2 |     2 ||     4
Evoke: Wand              |       |       |       |     2 |     3 |       ||     5
  Use: Scroll            |       |    11 |     1 |    14 |    10 |     5 ||    41
       Potion            |       |       |       |     1 |     1 |     7 ||     9
 Stab: Confused          |       |       |    11 |    31 |    16 |       ||    58
       Sleeping          |       |       |     1 |     1 |     8 |     5 ||    15
       Distracted        |       |       |       |       |     9 |     6 ||    15
  Eat: Chunk             |     1 |    11 |    15 |    38 |    36 |    13 ||   114
       Bread ration      |       |     1 |     1 |       |       |       ||     2
       Beef jerky        |       |     1 |       |       |       |     5 ||     6
       Fruit             |       |       |       |       |    13 |     5 ||    18
       Pizza             |       |       |       |       |       |     1 ||     1
Armor: Robe              |    17 |    92 |   110 |   144 |    46 |       ||   409
       Troll leather arm |       |       |       |       |   177 |   108 ||   285
Dodge: Dodged            |    38 |   126 |   160 |   283 |   417 |   362 ||  1386
       Deflected         |       |       |     2 |     4 |    26 |    49 ||    81
Block: Other             |       |       |       |       |    13 |    60 ||    73
       Reflection        |       |       |       |       |     1 |     6 ||     7
